 Dungeon Crawl Stone Soup version 0.27.1-33-g824d729ab1 (webtiles) character file.

Game seed: 17317280639732965083

566 Thatpatchoflichen the Ogre Mage (level 7, -1/67 HPs)
             Began as an Ogre Hedge Wizard on Dec 24, 2021.
             Was an Initiate of Sif Muna.
             Slain by a phantom (6 damage)
             ... on level 5 of the Dungeon.
             The game lasted 00:29:11 (5440 turns).

Thatpatchoflichen the Ogre Mage (Ogre Hedge Wizard) Turns: 5440, Time: 00:29:11

Health: -1/67      AC:  3    Str: 15    XL:     7   Next: 32%
Magic:  13/13      EV: 10    Int: 17    God:    Sif Muna [......]
Gold:   241        SH:  5    Dex: 14    Spells: 4/14 levels left

rFire    . . .     SeeInvis .   m - staff of poison
rCold    . . .     Faith    .   (no shield)
rNeg     . . .     Spirit   .   b - +0 robe
rPois    +         Reflect  +   c - +0 hat
rElec    .         Harm     .   (no cloak)
rCorr    .         Rampage  .   (gloves unavailable)
Will     .....                  (boots unavailable)
Stlth    ++........             o - amulet of reflection
HPRegen  0.21/turn              x - ring of wizardry
MPRegen  0.13/turn              d - +6 ring of dexterity

@: no status effects
A: large, unfitting armour, tough skin 1
a: Renounce Religion


You were on level 5 of the Dungeon.
You worshipped Sif Muna.
Sif Muna was noncommittal.
You visited 2 branches of the dungeon, and saw 6 of its levels.
You also visited: Sewer.

You collected 241 gold pieces.

Inventory:

Hand Weapons
 a - a +0 dagger
Missiles
 u - a throwing net
Armour
 b - a +0 robe (worn)
 c - a +0 hat (worn)
Magical Staves
 m - a staff of poison (weapon)
Jewellery
 d - a +6 ring of dexterity (right hand)
 j - a ring of magical power
 k - an amulet of guardian spirit
 l - an amulet of regeneration
 o - an amulet of reflection (around neck)
 x - a ring of wizardry (left hand)
 y - an amulet of magic regeneration
Wands
 s - a wand of digging (12)
Scrolls
 i - 2 scrolls of magic mapping
 n - a scroll of vulnerability {unknown}
 q - 3 scrolls of teleportation
 r - 2 scrolls of fog
 w - a scroll of blinking {unknown}
 z - a scroll of immolation {unknown}
 A - a scroll of enchant armour {unknown}
Potions
 e - a potion of degeneration {unknown}
 f - a potion of resistance
 g - a potion of lignification {unknown}
 h - 7 potions of flight
 p - a potion of curing {unknown}
 t - a potion of magic {unknown}
 v - 3 potions of heal wounds
 B - a potion of brilliance {unknown}


   Skills:
 + Level 3.3 Fighting
 + Level 1.3 Staves
 - Level 1.7 Dodging
 - Level 1.4 Stealth
 - Level 4.0 Spellcasting
 - Level 4.0 Conjurations
 + Level 3.2 Summonings
 - Level 0.8 Translocations
 * Level 3.0 Poison Magic


You had 4 spell levels left.
You knew the following spells:

 Your Spells              Type           Power      Damage    Failure   Level
a - Magic Dart            Conj           68%        1d6       1%          1
b - Call Imp              Summ           14%        N/A       2%          2
c - Blink                 Tloc           N/A        N/A       7%          2
d - Slow                  Hex            3%         N/A       10%         2
e - Mephitic Cloud        Conj/Pois/Air  16%        N/A       8%          3

Your spell library contained the following spells:

 Spells                   Type           Power      Damage    Failure   Level
 Conjure Flame            Conj/Fire      10%        6-21      9%          3
 Gell's Gravitas          Tloc           3%         N/A       13%         3
 Lesser Beckoning         Tloc           3%         N/A       13%         3
 Teleport Other           Tloc           6%         N/A       13%         3
 Summon Forest            Summ/Tloc      5%         N/A       56%         5
 Eringya's Noxious Bog    Tmut/Pois      6%         N/A       99%         6
 Summon Hydra             Summ           7%         N/A       100%        7


Dungeon Overview and Level Annotations

Branches:
Dungeon (5/15)             Temple (1/1) D:4           Sewer (visited)

Altars:
Dithmenos
Gozag
Hepliaklqana
Kikubaaqudgha
Makhleb
Okawaru
Sif Muna
Trog
Uskayaw
Vehumet
Wu Jian
Yredelemnul
The Shining One


Innate Abilities, Weirdness & Mutations

You are too large for most types of armour.
You have tough skin. (AC +1)


Message History

The phantom hits you but does no damage.
You hit the phantom.
The phantom is lightly damaged.
The phantom barely misses you. The phantom misses you.
You closely miss the phantom.
The phantom is lightly damaged.
You hear the brisk hiss of a very distant avalanche of sand.
The phantom closely misses you.
You hit the phantom.
The phantom is lightly damaged.
The phantom closely misses you.
You hit the phantom but do no damage.
The phantom is lightly damaged.
The phantom hits you!
* * * LOW HITPOINT WARNING * * *
The phantom blinks!
You blink.
You hit the phantom.
The phantom is moderately damaged.
The phantom hits you but does no damage.
You hit the phantom.
The phantom is moderately damaged.
The phantom hits you.
* * * LOW HITPOINT WARNING * * *
The phantom blinks!
You blink.
You closely miss the phantom.
The phantom is moderately damaged.
The phantom hits you!
* * * LOW HITPOINT WARNING * * *
The phantom blinks!
You blink.
You hit the phantom but do no damage.
The phantom is moderately damaged.
You block the phantom's attack.
You hit the phantom but do no damage.
The phantom is moderately damaged.
The phantom hits you.
* * * LOW HITPOINT WARNING * * *
You hit the phantom.
The phantom is moderately damaged.
The phantom completely misses you. The phantom hits you.
You die...

........###.#.# #.# #
........# #.#.# #.# #
........# #.# #.# #
........# #.# #.# #
[.......# #.# #.# #
........# #.#########.#
# #.#######
#...........# # #.#
#.#####################
#.#
#....W@................
#.#
#######################
#.# #.# #.# #<# ###


You could see a phantom.

Vanquished Creatures
  A black bear (D:3)
  2 scorpions
  2 hounds (D:4)
  A jelly (D:5)
  Natasha (D:3)
  A merfolk avatar (Sewer)
  A hound skeleton (D:4)
  3 gnolls (D:3)
  5 adders
  A river rat (Sewer)
  A dart slug (D:3)
  2 bats (D:1)
  6 endoplasms
  7 giant cockroaches
  6 goblins
  7 hobgoblins
  2 jackals (D:1)
  3 quokkas (D:3)
  8 ball pythons
  11 frilled lizards
  9 kobolds
  27 rats
107 creatures vanquished.

Vanquished Creatures (collateral kills)
  A hound (D:4)
  A jelly (D:4)
  A merfolk siren (Sewer)
  4 gnolls
  4 adders
  A river rat (Sewer)
  A white imp (D:4)
  A ball python (D:4)
  A giant cockroach (Sewer)
  A goblin (D:3)
  A quokka (D:4)
  3 frilled lizards
  3 rats (Sewer)
23 creatures vanquished.

Grand Total: 130 creatures vanquished

Notes
Turn   | Place    | Note
-------+----------+-------------------------------------------
     0 | D:1      | Thatpatchoflichen the Ogre Hedge Wizard began the quest for
                  | the Orb.
     0 | D:1      | Reached XP level 1. HP: 16/16 MP: 5/5
    51 | D:1      | Reached skill level 1 in Summonings
    84 | D:1      | Reached skill level 1 in Conjurations
   115 | D:1      | Reached XP level 2. HP: 20/26 MP: 2/6
   224 | D:1      | Reached skill level 1 in Fighting
  1092 | D:1      | Learned a level 2 spell: Call Imp
  1095 | D:1      | Learned a level 2 spell: Blink
  1121 | D:2      | Reached XP level 3. HP: 32/33 MP: 8/8
  1630 | D:2      | Reached XP level 4. HP: 42/42 MP: 10/10
  2457 | D:3      | Noticed Natasha
  2480 | D:3      | Killed Natasha
  2481 | D:3      | Reached XP level 5. HP: 45/49 MP: 11/11
  2592 | D:3      | Found a radiant altar of Vehumet.
  2741 | D:3      | Noticed a black bear
  2767 | D:3      | Killed a black bear
  2768 | D:3      | Reached skill level 1 in Poison Magic
  2768 | D:3      | Reached XP level 6. HP: 32/57 MP: 1/12
  2793 | D:3      | Learned a level 2 spell: Slow
  2797 | D:3      | Learned a level 3 spell: Mephitic Cloud
  3118 | D:4      | Found a glowing drain.
  3136 | D:4      | Found a staircase to the Ecumenical Temple.
  3160 | Sewer    | Entered a sewer
  4116 | Temple   | Entered the Ecumenical Temple
  4313 | Temple   | Became a worshipper of Sif Muna the Loreminder
  4789 | D:4      | Reached XP level 7. HP: 61/66 MP: 6/13
  5132 | D:5      | Entered Level 5 of the Dungeon
  5175 | D:5      | Reached skill level 1 in Staves
  5440 | D:5      | Slain by a phantom

Illustrated notes

Levels and vault maps discovered:
D:1:      co_arrival_square_in_a_square_in_a_square, layout_rooms,
          serial_aquarium, aquarium_bridge_long_joined
          [aquarium_subvault_bridge, aquarium_subvault_window,
          aquarium_subvault_window, aquarium_subvault_wall,
          aquarium_subvault_bridge, aquarium_subvault_bridge],
          aquarium_bridge_square [aquarium_subvault_wall,
          aquarium_subvault_bridge, aquarium_subvault_wall,
          aquarium_subvault_bridge], aquarium_window_corner,
          aquarium_window_fake, aquarium_window_1, aquarium_window_corridor_1,
          aquarium_view_2b, aquarium_view_2f, aquarium_pool_corner,
          minmay_lizard_pond
D:2:      layout_basic
D:3:      layout_basic, nicolae_overflow_crystal_walls, uniq_natasha
D:4:      layout_cave_pools, minmay_temple_entry_offerings,
          gup_sewer_entry_glass
D:5:      layout_basic, enter_ossuary_3
Temple:   hc_temple_tempest_star

Skill      XL: |  1  2  3  4  5  6  7 |
---------------+----------------------+-----
Summonings     | 1 2 3 |  3.2
Conjurations   | 1 3 4 |  4.0
Fighting       | 1 2 3 |  3.3
Spellcasting   | 4 |  4.0
Poison Magic   | 1 2 3 |  3.0
Staves         | 1 |  1.3
Dodging        | |  1.7
Stealth        | |  1.4
Translocations | |  0.8

Action                   |  1- 3 |  4- 6 |  7- 9 || total
-------------------------+-------+-------+-------++-------
Melee: Dagger            |    28 |       |       ||    28
       Staff             |    20 |   118 |    43 ||   181
 Cast: Magic Dart        |    51 |   113 |    19 ||   183
       Call Imp          |     4 |    37 |     9 ||    50
       Blink             |       |     1 |       ||     1
       Mephitic Cloud    |       |     1 |       ||     1
  Use: Scroll            |       |     4 |       ||     4
 Stab: Sleeping          |     1 |       |       ||     1
Armor: Robe              |    15 |    52 |     9 ||    76
Dodge: Dodged            |    25 |   103 |    26 ||   154
Block: Other             |       |     1 |    12 ||    13
